 Dungeon Crawl Stone Soup version 0.28-b1-25-g9875b3fc8c (webtiles) character file.

Game seed: 14644832845016027270

306 lordive the Caller (level 6, -7/32 HPs)
             Began as a Tengu Summoner on Jan 31, 2022.
             Killed by divine providence
             ... invoked by an orc priest
              (10 damage)
             ... on level 4 of the Dungeon.
             The game lasted 00:08:41 (3910 turns).

lordive the Caller (Tengu Summoner)                 Turns: 3910, Time: 00:08:42

Health: -7/32      AC:  2    Str:  9    XL:     6   Next: 39%
Magic:  1/12       EV: 29    Int: 17    God:
Gold:   100        SH:  0    Dex: 14    Spells: 3/12 levels left

rFire   . . .      SeeInvis .   (no weapon)
rCold   . . .      Faith    .   (no shield)
rNeg    . . .      Spirit   .   a - +0 robe
rPois   .          Reflect  .   (helmet restricted)
rElec   .          Harm     .   (no cloak)
rCorr   .          Rampage  .   (no gloves)
Will    .....                   (boots unavailable)
Stlth   ++........              e - amulet of the acrobat
HPRegen 0.10/turn               (no ring)
MPRegen 0.13/turn               (no ring)

@: acrobatic, flying quickly and evasively, quick
A: beak, talons 3, nimble flight
a: no special abilities


You were on level 4 of the Dungeon.
You visited 1 branch of the dungeon, and saw 4 of its levels.

You collected 100 gold pieces.

Inventory:

Armour
 a - a +0 robe (worn)
 b - a +0 leather armour
Jewellery
 c - an amulet of guardian spirit
 e - an amulet of the acrobat (around neck)
Wands
 q - a wand of acid (2)
Scrolls
 g - 3 scrolls of identify {unknown}
 h - 2 scrolls of amnesia {unknown}
 k - 3 scrolls of enchant armour {unknown}
 l - a scroll of vulnerability {unknown}
 m - a scroll of magic mapping {unknown}
 n - a scroll of immolation {unknown}
 p - a scroll of noise {unknown}
 r - a scroll of enchant weapon {unknown}
 s - a scroll of fear {unknown}
Potions
 d - 2 potions of might {unknown}
 f - a potion of haste {unknown}
 i - 2 potions of invisibility {unknown}
 j - a potion of brilliance {unknown}
 o - a potion of degeneration {unknown}
 t - a potion of curing {unknown}


   Skills:
 + Level 2.2 Dodging
 + Level 2.4 Stealth
 + Level 3.7 Spellcasting
 * Level 7.7 Summonings


You had 3 spell levels left.
You knew the following spells:

 Your Spells              Type           Power      Damage    Failure   Level
a - Summon Small Mammal   Summ           100%       N/A       1%          1
b - Call Imp              Summ           29%        N/A       1%          2
c - Call Canine Familiar  Summ           29%        N/A       1%          3
d - Summon Guardian Gole  Hex/Summ       16%        N/A       10%         3

Your spell library contained the following spells:

 Spells                   Type           Power      Damage    Failure   Level
 Sublimation of Blood     Necr           3%         N/A       24%         2
 Wereblood                Tmut           3%         N/A       24%         2
 Summon Lightning Spire   Summ/Air       16%        N/A       32%         4
 Summon Hydra             Summ           14%        N/A       99%         7


Dungeon Overview and Level Annotations

Branches:
Dungeon (4/15)
 Temple: D:4-7

Altars:
Beogh


Innate Abilities, Weirdness & Mutations

You have a beak for a mouth.
You have claws for feet.
Your magical nature lets you fly swiftly and evasively.


Message History

Your hound bites the orc priest but does no damage.
The orc priest closely misses your hound.
Your hound misses the orc priest.
Your hound bites the orc priest.
The orc priest hits your hound with a +0 trident!
Your crimson imp blinks!
Your hound barely misses the orc priest.
The orc priest invokes the aid of Beogh against you.
Beogh smites you!
Your hound bites the orc priest.
Your hound barely misses the orc priest.
The orc priest invokes the aid of Beogh against your hound.
Your hound writhes in agony.
Your hound dies!
Your hound's corpse disappears in a puff of smoke!
The orc priest shouts!
The orc priest begins to cast a cantrip, but forgets the words!
You see here a book of Blood.
You see here 15 sling bullets.
Casting: Call Canine Familiar (safe; 1% risk of failure)
Confirm with . or Enter, or press ? or * to list all spells.
The orc priest invokes the aid of Beogh against you.
Beogh smites you! What are your orders? t - Shout!
Orders for allies: a - Attack new target. p - Attack previous target. r - Retreat! s - Stop attacking. g - Guard the area. f - Follow me.
Anything else - Cancel.
Gang up on whom?
Press: ? - help, Dir - move target, f/p - orc priest
Aim: an orc priest, wielding a +0 trident and wearing a +0 chain mail (severely wounded, ally target) Attack!
The orc priest miscasts a cantrip.
The orc priest calls down the wrath of Beogh upon you.
Beogh smites you!
* * * LOW HITPOINT WARNING * * *
Your hound bites the orc priest but does no damage.
The orc priest calls down the wrath of Beogh upon you.
Beogh smites you!
You die...

###########################
#.:(.oh....@..............#
#.#######################.#
#.########### #5#
######.[.........# #.#
.......#########.# #.#
######.#.......#.# #.#
#.....o...####.#.# #.#
#.####)#..# #.#.# #.#
#.#..# #.#.# #######.#


You could see an orc priest (ally target) and a friendly hound (summoned).

Vanquished Creatures (collateral kills)
  A phantom (D:4)
  Natasha (twice) (D:3)
  Terence (D:2)
  An orc wizard (D:4)
  4 adders
  An ufetubus (D:4)
  2 worms
  4 dart slugs
  5 orcs
  10 endoplasms
  2 giant cockroaches
  6 goblins
  6 hobgoblins
  4 jackals (D:2)
  4 quokkas
  6 ball pythons
  3 bats
  5 frilled lizards
  5 kobolds
  A quokka skeleton (D:4)
  5 rats
78 creatures vanquished.

Notes
Turn   | Place    | Note
-------+----------+-------------------------------------------
     0 | D:1      | lordive the Tengu Summoner began the quest for the Orb.
     0 | D:1      | Reached XP level 1. HP: 10/10 MP: 4/4
    37 | D:1      | Reached skill level 5 in Summonings
   163 | D:1      | Reached XP level 2. HP: 15/15 MP: 4/6
   166 | D:1      | Learned a level 2 spell: Call Imp
   543 | D:1      | Found a faded altar of an unknown god.
   934 | D:2      | Reached XP level 3. HP: 19/19 MP: 4/7
   938 | D:2      | Learned a level 3 spell: Call Canine Familiar
  1072 | D:2      | Reached skill level 6 in Summonings
  1076 | D:2      | Noticed Terence
  1086 | D:2      | Killed Terence
  1087 | D:2      | Reached XP level 4. HP: 24/24 MP: 2/8
  2550 | D:3      | Gained mutation: Your magical nature lets you fly swiftly
                  | and evasively. [Tengu growth]
  2550 | D:3      | Reached XP level 5. HP: 28/28 MP: 4/10
  2862 | D:3      | Noticed Natasha
  2876 | D:3      | Killed Natasha
  2987 | D:3      | Noticed Natasha
  3001 | D:3      | Killed Natasha
  3002 | D:3      | Reached skill level 7 in Summonings
  3541 | D:4      | Noticed a phantom
  3567 | D:4      | Killed a phantom
  3568 | D:4      | Reached XP level 6. HP: 32/32 MP: 12/12
  3652 | D:4      | Learned a level 3 spell: Summon Guardian Golem
  3910 | D:4      | Killed from afar by an orc priest

Illustrated notes

Levels and vault maps discovered:
D:1:      grunt_arrival_crossed_arrows, layout_rooms,
          hellmonk_ecumenical_altar_defaced_shrine, minmay_curled_crystal,
          minmay_splitting_lines
D:2:      layout_rooms, uniq_terence
D:3:      layout_basic, chequers_serial_rivers_large_a, uniq_natasha
D:4:      layout_basic, nemelex_dance_club_becter, chequers_mini_garden,
          kennysheep_another_room

Skill      XL: |  1  2  3  4  5 |
---------------+----------------+-----
Summonings     | 5 6 7 |  7.7
Spellcasting   | 3 |  3.7
Dodging        | |  2.2
Stealth        | |  2.4

Action                   |  1- 3 |  4- 6 || total
-------------------------+-------+-------++-------
 Cast: Summon Small Mamm |    37 |    39 ||    76
       Call Imp          |    15 |    19 ||    34
       Call Canine Famil |     1 |    21 ||    22
Armor: Robe              |     1 |     2 ||     3
Dodge: Dodged            |    15 |    43 ||    58
